 Dungeon Crawl Stone Soup version 0.30-a0-949-g53dc5368d7 (webtiles) character file.

Game seed: 7115410118507822200

1622 mopl the Digger (level 8, -2/57 HPs)
             Began as a Purple Draconian Earth Elementalist on Mar 27, 2023.
             Killed from afar by an orc wizard (7 damage)
             ... with a magic dart
             ... on level 6 of the Dungeon.
             The game lasted 00:10:08 (4851 turns).

mopl the Digger (DrEE)                              Turns: 4851, Time: 00:10:09

Health: -2/57      AC:  9    Str: 10    XL:     8   Next: 65%
Magic:  10/18      EV: 10    Int: 18    God:
Gold:   113        SH:  7    Dex: 12    Spells: 13/20 levels left

rFire   + . .      SeeInvis .    a - +2 dagger (speed)
rCold   + . .      Faith    .    H - +0 kite shield {rC+ rF+}
rNeg    . . .      Spirit   .    (body armour unavailable)
rPois   .          Reflect  .    B - +1 hat
rElec   .          Rampage  .    (no cloak)
rCorr   .                        h - +0 pair of gloves
Will    ++...                    z - +0 pair of boots
Stlth   +++                      (no amulet)
HPRegen 0.29/turn                e - +4 ring of slaying
MPRegen 0.16/turn                q - ring of willpower

@: no status effects
A: breathe power, AC +6, unfitting armour, cold-blooded
a: Breathe Dispelling Energy


You were on level 6 of the Dungeon.
You visited 1 branch of the dungeon, and saw 7 of its levels.
You also visited: Sewer.

You collected 305 gold pieces.
You spent 192 gold pieces at shops.

Inventory:

Hand Weapons
 a - a +2 dagger of speed (weapon)
 b - a +6 rapier
Missiles
 l - 6 boomerangs of dispersal
 n - 6 boomerangs
 r - 17 poisoned darts
Armour
 h - a +0 pair of gloves (worn)
 z - a +0 pair of boots (worn)
 B - a +1 hat (worn)
 D - an orb of light
 H - a +0 kite shield of resistance (worn)
Jewellery
 e - a +4 ring of slaying (left hand)
 q - a ring of willpower (right hand)
Wands
 c - a wand of mindburst (12)
Scrolls
 f - 5 scrolls of teleportation {unknown}
 i - a scroll of silence {unknown}
 j - 4 scrolls of fog {unknown}
 m - 2 scrolls of fear {unknown}
 o - a scroll of poison {unknown}
 t - 2 scrolls of magic mapping {unknown}
 u - 2 scrolls of vulnerability
 v - 2 scrolls of amnesia
 w - 6 scrolls of identify
 x - 2 scrolls of enchant armour {unknown}
 y - a scroll of blinking {unknown}
 C - a scroll of brand weapon {unknown}
 F - a scroll of noise {unknown}
 G - a scroll of enchant weapon {unknown}
 J - a scroll of summoning {unknown}
Potions
 d - a potion of curing
 g - 2 potions of mutation {!q}
 k - 4 potions of brilliance
 p - 2 potions of might {unknown}
 s - 3 potions of heal wounds
 A - a potion of invisibility {unknown}
 E - 4 potions of flight
 I - a potion of ambrosia {unknown}


   Skills:
 + Level 2.8 Short Blades
 - Level 1.7 Dodging
 * Level 4.7 Stealth
 + Level 1.5 Shields
 + Level 6.6 Spellcasting
 + Level 4.2 Transmutations
 + Level 6.7 Earth Magic


You had 13 spell levels left.
You knew the following spells:

 Your Spells              Type           Power      Damage    Failure   Level
a - Sandblast             Erth           60%        2d14      2%          1
p - Passwall              Tmut/Erth      20%        N/A       6%          2
t - Petrify               Tmut/Erth      25%        N/A       36%         4

Your spell library contained the following spells:

 Spells                   Type           Power      Damage    Failure   Level
 Stone Arrow              Conj/Erth      36%        3d9       28%         3
 Foxfire                  Conj/Fire      24%        2x1d5     36%         1
 Slow                     Hex            24%        N/A       36%         1
 Confusing Touch          Hex            6%         N/A       73%         3
 Vampiric Draining        Necr           6%         2d6       73%         3
 Fireball                 Conj/Fire      3%         3d4       100%        5
 Starburst                Conj/Fire      3%         6d3       100%        6


Dungeon Overview and Level Annotations

Branches:
Dungeon (7/15)              Sewer (visited)
 Temple: D:4-7

Altars:
Cheibriados
Elyvilon
Zin
The Shining One

Shops:
D:2 (   D:3 ?((!


Innate Abilities, Weirdness & Mutations

You can breathe bolts of dispelling energy.
Your rich purple scales are hard. (AC +6)
You cannot fit into any form of body armour.
You are cold-blooded and may be slowed by cold attacks.


Message History

The blast of sand hits the orc warrior.
The orc warrior is heavily wounded.
You block the orc wizard's attack. The orc warrior closely misses you.
Aiming: Mindburst
Press: ? - help, Shift-Dir - straight line, f/p - orc warrior
Aim: an orc warrior, wielding a +0 long sword and wearing a +0 chain mail (heavily wounded, chance to affect: 64%)
The orc warrior's mind is blasted!
The orc wizard closely misses you.
The orc warrior hits you with a +0 long sword.
Unknown command.
Aiming: Mindburst
Press: ? - help, Shift-Dir - straight line, f/p - orc warrior
Aim: an orc warrior, wielding a +0 long sword and wearing a +0 chain mail (almost dead, chance to affect: 64%)
The orc warrior struggles to resist.
The orc wizard gestures at you while chanting.
The magic dart hits you.
The orc warrior hits you with a +0 long sword.
* * * LOW HITPOINT WARNING * * *
Aiming: Mindburst
Press: ? - help, Shift-Dir - straight line, f/p - orc warrior
Aim: an orc warrior, wielding a +0 long sword and wearing a +0 chain mail (almost dead, chance to affect: 64%)
The orc warrior struggles to resist.
The orc wizard barely misses you.
The orc warrior hits you with a +0 long sword!
* * * LOW HITPOINT WARNING * * *
Aiming: Mindburst
Press: ? - help, Shift-Dir - straight line, f/p - orc warrior
Aim: an orc warrior, wielding a +0 long sword and wearing a +0 chain mail (almost dead, chance to affect: 64%)
The orc warrior's mind is blasted!!
You blow up the orc warrior!
The orc wizard closely misses you.
Casting: Sandblast (safe; 2% risk of failure)
Confirm with . or Enter, or press ? or * to list all spells.
Aiming: Sandblast (safe; 2% risk of failure)
Press: ? - help, Shift-Dir - straight line, f - orc wizard
Aim: an orc wizard, wielding a +0 dagger and wearing a +0 robe (80% to hit)
The blast of sand hits the orc wizard!
The orc wizard is heavily wounded.
The orc wizard hits you but does no damage.
The orc wizard casts a spell at you. The magic dart hits you!
You die...

#.####### #...#.#
#.......#######.# #
#.......'.......###
##......#..........
#......#.#####.###
########.#####.# #.......#
##################
#@).............).
##########o.............))
#.......................##
#.#########...#######.....
#.# #...# ###### #.# #...#
#.# #...# #.# ##### #.#


You could see an orc wizard.

Vanquished Creatures
  Pargi (Sewer)
  An orc warrior (D:6)
  2 sky beasts (D:6)
  An ice beast (D:5)
  2 ogres
  A phantom (D:6)
  The ghost of Mesmaeker13 the Stinger, an amateur OpVM (D:3)
  A bullfrog (D:6)
  3 scorpions
  3 hounds
  3 orc priests (D:6)
  2 jellies
  Jessica (D:2)
  3 orc wizards (D:6)
  A sleepcap (D:6)
  Robin (D:3)
  8 adders
  2 shadow imps (D:6)
  A white imp (D:6)
  A worm (D:6)
  5 dart slugs
  19 orcs
  5 bats
  14 endoplasms
  2 giant cockroaches
  16 goblins
  9 hobgoblins
  2 jackals (D:2)
  5 kobolds
  6 quokkas
  6 ball pythons
  7 frilled lizards
  8 rats
143 creatures vanquished.

Notes
Turn   | Place    | Note
-------+----------+-------------------------------------------
     0 | D:1      | mopl the Draconian Earth Elementalist began the quest for
                  | the Orb.
     0 | D:1      | Reached XP level 1. HP: 14/14 MP: 3/3
   127 | D:1      | Reached XP level 2. HP: 18/20 MP: 0/5
   159 | D:1      | Found a faded altar of an unknown god.
   289 | D:1      | Reached XP level 3. HP: 26/26 MP: 2/7
   638 | D:2      | Reached skill level 3 in Spellcasting
   683 | D:2      | Learned a level 2 spell: Passwall
   708 | D:2      | Noticed Jessica
   714 | D:2      | Reached skill level 4 in Earth Magic
   785 | D:2      | Killed Jessica
   786 | D:2      | Reached XP level 4. HP: 33/33 MP: 6/8
   917 | D:2      | Found Riuceh's Antique Weapon Shoppe.
  1227 | D:3      | Noticed Robin
  1381 | D:3      | Killed Robin
  1473 | D:3      | Found Qaeduoj's Weapon Shop.
  1493 | D:3      | Found Vomet's Magic Scroll Shop.
  1512 | D:3      | Bought a scroll of identify for 28 gold pieces
  1512 | D:3      | Bought a scroll of vulnerability for 56 gold pieces
  1512 | D:3      | Bought a scroll of amnesia for 56 gold pieces
  1621 | D:3      | Reached XP level 5. HP: 38/38 MP: 7/10
  1630 | D:3      | Reached skill level 2 in Transmutations
  1660 | D:3      | Found a runed translucent gate.
  1660 | D:3      | Identified the +1 leather armour "Cuemu" {Str+7 Int-2
                  | Dex+4}
  1660 | D:3      | Noticed Mesmaeker13's ghost (amateur OpVM)
  1661 | D:3      | Found a runed translucent gate.
  1666 | D:3      | Found Zuoll's Distillery.
  1722 | D:3      | Found a runed translucent gate.
  1734 | D:3      | Found Joeq's Weapon Shoppe.
  2140 | D:4      | Reached skill level 4 in Spellcasting
  2140 | D:4      | Reached XP level 6. HP: 45/45 MP: 5/12
  2168 | D:4      | Found a glowing drain.
  2203 | Sewer    | Entered a sewer
  2222 | Sewer    | Learned a level 4 spell: Petrify
  2269 | Sewer    | Reached skill level 5 in Earth Magic
  2272 | Sewer    | Noticed Pargi
  2293 | Sewer    | Killed Pargi
  2294 | Sewer    | Reached skill level 3 in Transmutations
  2656 | D:3      | Killed Mesmaeker13's ghost
  2934 | D:4      | Your scales start taking on a rich purple colour.
  2934 | D:4      | Reached skill level 5 in Spellcasting
  2934 | D:4      | Reached XP level 7. HP: 40/50 MP: 9/15
  3279 | D:3      | Bought a potion of degeneration for 13 gold pieces
  3280 | D:3      | Bought a potion of flight for 39 gold pieces
  3316 | D:5      | Entered Level 5 of the Dungeon
  3323 | D:5      | Reached skill level 2 in Stealth
  3324 | D:5      | Reached skill level 6 in Earth Magic
  3547 | D:5      | Reached skill level 1 in Short Blades
  3751 | D:5      | Reached skill level 6 in Spellcasting
  3913 | D:5      | Reached skill level 3 in Stealth
  3964 | D:6      | Found a glowing silver altar of Zin.
  3964 | D:6      | Found a glowing golden altar of the Shining One.
  3966 | D:6      | Found a white marble altar of Elyvilon.
  4027 | D:6      | Reached XP level 8. HP: 57/57 MP: 13/17
  4045 | D:6      | Reached skill level 2 in Short Blades
  4121 | D:6      | Reached skill level 4 in Stealth
  4356 | D:6      | Reached skill level 4 in Transmutations
  4372 | D:6      | Reached skill level 1 in Shields
  4577 | D:6      | Found a snail-covered altar of Cheibriados.
  4851 | D:6      | Killed from afar by an orc wizard

Illustrated notes

Levels and vault maps discovered:
D:1:      lightli_arrival_farm, layout_rooms,
          ebering_ecumenical_altar_petrified, minmay_tetromino_i4
D:2:      layout_rooms, serial_shops, nicolae_shop_behind_doors,
          minmay_quantized, uniq_jessica
D:3:      layout_basic, serial_shops, nicolae_shop_behind_doors,
          nicolae_shop_crystal, nicolae_shop_hallway_plus,
          nicolae_shop_hallway_stairs, biasface_ghost_orc_armoury, uniq_robin
D:4:      layout_cave_pods, portal_sewer_entry_d
D:5:      layout_basic
D:6:      layout_basic, dreamdust_divine_triumvirate, cheibrodos_worm_habitat,
          lemuel_flamethrower_2
D:7:      layout_gridville, temple_doors_e, roderic_lattice_a,
          minmay_misc_feat_room, guppyfry_early_elven_hall

Skill      XL: |  1  2  3  4  5  6  7  8 |
---------------+-------------------------+-----
Spellcasting   | 3 4 5 6 |  6.6
Earth Magic    | 4 5 6 |  6.7
Transmutations | 2 3 4 |  4.2
Stealth        | 3 4 |  4.7
Short Blades   | 1 2 |  2.8
Shields        | 1 |  1.5
Dodging        | |  1.7

Action                     |  1- 3 |  4- 6 |  7- 9 || total
---------------------------+-------+-------+-------++-------
  Melee: Short sword       |    16 |       |       ||    16
         Tailslap          |     1 |     5 |       ||     6
         Dagger            |       |    23 |     3 ||    26
   Cast: Sandblast         |    42 |    89 |    91 ||   222
         Passwall          |     1 |     1 |     1 ||     3
         Petrify           |       |     2 |       ||     2
  Evoke: Wand              |       |       |     4 ||     4
    Use: Scroll            |       |     4 |       ||     4
         Potion            |       |     1 |       ||     1
   Stab: Petrified         |       |     2 |       ||     2
         Petrifying        |       |     1 |       ||     1
         Sleeping          |       |       |     1 ||     1
 Armour: Skin              |    11 |    37 |    18 ||    66
  Dodge: Dodged            |    14 |    55 |    28 ||    97
  Block: Kite shield       |       |       |    13 ||    13

Table legend: (Time is in decaauts)
 A = Elapsed time spent in this place.
 B = Non-inter-level travel time spent in this place.
 C = Inter-level travel time spent in this place.
 D = Time resting spent in this place.
 E = Time spent auto-exploring this place.
 F = Levels seen in this place.
 G = Mean time per level.
                   A        B        C        D        E       F      G
               +--------+--------+--------+--------+--------+-----+--------+
         Total |   5018 |   4788 |    230 |    420 |   3168 |   8 |  627.2 |
       Dungeon |   4721 |   4491 |    230 |    296 |   3073 |   7 |  674.4 |
         Sewer |    296 |    296 |      0 |    124 |     95 |   1 |  296.0 |
               +--------+--------+--------+--------+--------+-----+--------+

Top non-repeatable levels by time:
     D:4: 970 daAuts
     D:6: 955 daAuts
     D:3: 882 daAuts
     D:1: 642 daAuts
     D:2: 641 daAuts
     D:5: 619 daAuts
   Sewer: 296 daAuts
     D:7: 10 daAuts
